[Event "Titled Tuesday Blitz February 15 Early 2022"]
[White "Mamedyarov, Shakhriyar"]
[Black "Vitiugov, Nikita"]
[WhiteFideId "13401319"]
[BlackFideId "4152956"]
[WhiteElo "2769"]
[BlackElo "2673"]
[Result "1-0"]
[Round "04"]
[TimeControl "180+1"]
[Date "2022.02.15"]
[WhiteClock "0:00:19"]
[BlackClock "0:00:03"]

1. e4 c5 2. c3 Nf6 3. e5 Nd5 4. Bc4 Nb6 5. Bb3 Nc6 6. d4 cxd4 7. cxd4 d5 8. Bc2 Nb4 9. Nc3 Nxc2+ 10. Qxc2 Bd7 11. Nge2 e6 12. Qd3 Rc8 13. O-O Qh4 14. a4 a6 15. b3 Be7 16. Ba3 Bxa3 17. Rxa3 O-O 18. Ra2 Qe7 19. Nf4 Qb4 20. Nce2 f5 21. h4 a5 22. h5 Rc6 23. Qg3 Qe7 24. h6 g6 25. Nh5 Rfc8 26. Nf6+ Kh8 27. Nf4 Be8 28. Re2 Nd7 29. Qg5 Nf8 30. Re3 Rc2 31. Rd1 b5 32. axb5 Bxb5 33. Rg3 Be2 34. Ra1 Rc1+ 35. Rxc1 Rxc1+ 36. Kh2 Rc2 37. Nxh7 Qxh7 38. Qf6+ Kg8 39. Nxg6 Qxh6+ 40. Rh3 Qxg6 41. Rh8# 1-0


[Site "https://www.chess.com"]

[Event "Titled Tuesday Blitz February 15 Early 2022"]
[White "Manukyan, Artyom"]
[Black "Annaberdiyev, Babageldi"]
[WhiteFideId "13305786"]
[BlackFideId "14000385"]
[WhiteElo "2034"]
[BlackElo "2332"]
[Result "0-1"]
[Round "04"]
[TimeControl "180+1"]
[Date "2022.02.15"]
[WhiteClock "0:00:13"]
[BlackClock "0:01:03"]

1. e4 e6 2. d4 d5 3. Bd3 Nf6 4. e5 Nfd7 5. Ne2 c5 6. c3 Nc6 7. a3 f6 8. f4 Be7 9. O-O Qb6 10. Kh1 O-O 11. b4 cxd4 12. cxd4 fxe5 13. fxe5 Rxf1+ 14. Qxf1 Ndxe5 15. dxe5 Nxe5 16. Bc2 Bd7 17. Bf4 Rf8 18. Qg1 Nc4 19. Qxb6 axb6 20. Nbc3 Bf6 21. Rd1 Bxc3 22. Bb3 Nxa3 23. Bc1 Nb5 24. Ba4 Bf6 25. Be3 Ra8 26. Bc2 d4 27. Nxd4 Nxd4 28. Bxd4 Bxd4 29. Rxd4 Bc6 30. Kg1 g6 31. Be4 e5 32. Rc4 b5 33. Bxc6 bxc4 34. Bxb7 Rb8 35. Bd5+ Kg7 36. Bxc4 Rxb4 0-1


[Site "https://www.chess.com"]

[Event "Titled Tuesday Blitz February 15 Early 2022"]
[White "Martin, Lewis"]
[Black "Kozin, Yuri"]
[WhiteFideId "410551"]
[BlackFideId "4129920"]
[WhiteElo "2145"]
[BlackElo "2541"]
[Result "1/2-1/2"]
[Round "04"]
[TimeControl "180+1"]
[Date "2022.02.15"]
[WhiteClock "0:00:05"]
[BlackClock "0:00:13"]

1. e4 c5 2. Nf3 e6 3. d4 cxd4 4. Nxd4 a6 5. Nc3 Qc7 6. g3 Bb4 7. Ne2 Nf6 8. Bg2 Nc6 9. O-O O-O 10. Bf4 d6 11. a3 Bxc3 12. Bxd6 Qa5 13. Nxc3 Rd8 14. Qd2 Ne8 15. e5 Nxe5 16. Bb4 Qc7 17. Qf4 a5 18. Be7 Qxe7 19. Qxe5 Bd7 20. Rfd1 Bc6 21. Bxc6 bxc6 22. Ne4 Rd5 23. Qc3 Qd8 24. Rxd5 cxd5 25. Nd2 Rc8 26. Qd3 Qb6 27. Rb1 a4 28. c4 Qa6 29. Qd4 dxc4 30. Rc1 Nd6 31. Nb1 h6 32. Nc3 Nb5 33. Qd7 Nxc3 34. Rxc3 Rb8 35. Rc2 Qb7 36. Qxb7 Rxb7 37. Rxc4 Rxb2 38. Rxa4 Ra2 39. Ra7 g5 40. h3 h5 41. g4 hxg4 42. hxg4 Kg7 43. Kg2 Kf6 44. Kg3 Kg6 45. f4 gxf4+ 46. Kxf4 f6 47. Ra6 e5+ 48. Kg3 Rb2 49. a4 Rb3+ 50. Kh4 Rb4 51. a5 Kg7 52. Re6 Ra4 53. a6 Kg6 54. Rb6 e4 55. Kg3 Ra3+ 56. Kf4 e3 57. Re6 Kf7 58. Rxe3 Rxa6 59. Rb3 Kg6 60. Kg3 Ra4 61. Rc3 Rd4 62. Rb3 Rd5 63. Ra3 Kg5 64. Rb3 Re5 65. Rc3 Rd5 66. Rb3 Re5 67. Rc3 Re4 68. Rc5+ Kg6 69. Rb5 Re3+ 70. Kf4 Re6 71. Kf3 Rd6 72. Kf4 Re6 73. Kf3 Rd6 74. Kf4 Re6 1/2-1/2


[Site "https://www.chess.com"]

[Event "Titled Tuesday Blitz February 15 Early 2022"]
[White "Matinian, Nikita"]
[Black "Poormosavi, Seyed Kian"]
[WhiteFideId "24129100"]
[BlackFideId "12585807"]
[WhiteElo "2422"]
[BlackElo "2116"]
[Result "1-0"]
[Round "04"]
[TimeControl "180+1"]
[Date "2022.02.15"]
[WhiteClock "0:00:54"]
[BlackClock "0:00:01"]

1. e4 c6 2. d4 d5 3. exd5 cxd5 4. Bd3 Nc6 5. h3 Nf6 6. Nf3 g6 7. O-O Bf5 8. Bxf5 gxf5 9. c3 e6 10. Bf4 Bd6 11. Bxd6 Qxd6 12. Na3 O-O-O 13. Nb5 Qb8 14. Qe2 a6 15. a4 Ne4 16. c4 axb5 17. cxb5 Na5 18. Ne5 b6 19. Rac1+ Kb7 20. b4 Nc4 21. Nc6 Qf4 22. a5 Rdg8 23. axb6 Kxb6 24. Na5 Rc8 25. Nxc4+ dxc4 26. Rxc4 Qd6 27. Ra1 Kb7 28. Rc5 Ra8 29. Rac1 Rhc8 30. Rc6 Qxb4 31. Qh5 Qe7 32. Qxh7 Qd7 33. d5 exd5 34. Qh6 d4 35. Rb6+ Ka7 36. Ra1# 1-0


[Site "https://www.chess.com"]

[Event "Titled Tuesday Blitz February 15 Early 2022"]
[White "Matlakov, Maxim"]
[Black "Liyanage, Ranindu Dilshan"]
[WhiteFideId "4168003"]
[BlackFideId "9915834"]
[WhiteElo "2661"]
[BlackElo "1858"]
[Result "1-0"]
[Round "04"]
[TimeControl "180+1"]
[Date "2022.02.15"]
[WhiteClock "0:00:54"]
[BlackClock "0:00:01"]

1. e4 e5 2. Nf3 Nc6 3. Bc4 Nf6 4. d4 exd4 5. e5 d5 6. Bb5 Ne4 7. Nxd4 Bd7 8. Bxc6 bxc6 9. O-O Bc5 10. f3 Ng5 11. f4 Ne4 12. Be3 O-O 13. Nd2 Nxd2 14. Qxd2 Re8 15. Rae1 f6 16. Nf3 Bxe3+ 17. Rxe3 Bg4 18. Rfe1 Bxf3 19. Rxf3 Re6 20. Rfe3 Qf8 21. Qa5 fxe5 22. Rxe5 Rf6 23. g3 Rf7 24. b4 h6 25. a3 d4 26. Re6 Qd8 27. Qe5 Qd7 28. Qe4 Rd8 29. Rxc6 d3 30. cxd3 Qxd3 31. Qxd3 Rxd3 32. Ra6 Rc3 33. Rxa7 Rd7 34. Re2 Rdd3 35. Ra2 1-0


[Site "https://www.chess.com"]

[Event "Titled Tuesday Blitz February 15 Early 2022"]
[White "Mikhailov, Viacheslav"]
[Black "Balint, Vilmos"]
[WhiteFideId "4187369"]
[BlackFideId "718050"]
[WhiteElo "2381"]
[BlackElo "2059"]
[Result "1/2-1/2"]
[Round "04"]
[TimeControl "180+1"]
[Date "2022.02.15"]
[WhiteClock "0:00:06"]
[BlackClock "0:00:43"]

1. Nf3 d5 2. g3 Bg4 3. Bg2 c6 4. O-O Nd7 5. d4 Ngf6 6. c4 e6 7. Nc3 Be7 8. Qb3 Qb6 9. c5 Qxb3 10. axb3 a6 11. b4 Rc8 12. Bf4 O-O 13. h3 Bf5 14. g4 Bg6 15. Nd2 h5 16. g5 Nh7 17. h4 f6 18. b5 cxb5 19. Nxd5 exd5 20. Bxd5+ Kh8 21. Bxb7 Rce8 22. Bc6 fxg5 23. Bxd7 gxf4 24. Bxe8 Rxe8 25. Rxa6 Bf5 26. Nf3 Nf6 27. b4 Nd5 28. Rd1 Nxb4 29. Rb6 Bd7 30. Ne5 Bg4 31. f3 Bf5 32. Rxb5 Nd5 33. c6 Nc3 34. Nf7+ Kg8 35. Rxf5 Nxd1 36. Ng5 Bd6 37. Rd5 Bc7 38. Rd7 Bb6 39. c7 Rc8 40. Ne6 Nc3 41. Kf1 Nb5 42. Rxg7+ Kh8 43. Rg5 Nxc7 44. Nxf4 Bxd4 45. Rxh5+ Kg7 46. Rg5+ Kf6 47. e4 Ne6 48. Rg6+ Ke5 49. Nxe6 Rc1+ 50. Ke2 Rc2+ 51. Kd3 Rc3+ 52. Ke2 Rc2+ 53. Kd1 Rh2 54. h5 Rxh5 55. Ke2 Rh2+ 56. Kd3 Ba7 57. f4+ Kd6 58. Nd4+ Ke7 59. Nf5+ Kf7 60. Ra6 Bg1 61. e5 Rf2 62. Rf6+ Ke8 63. Nd6+ Ke7 64. Ne4 Rf3+ 65. Kc4 Bh2 66. Rh6 Bxf4 67. Rh7+ Ke6 68. Rh5 Re3 69. Nc5+ Ke7 70. Rh7+ Kf8 71. Ne6+ Kg8 72. Rg7+ Kh8 73. Nxf4 Kxg7 74. Kd4 Rxe5 75. Kxe5 1/2-1/2


[Site "https://www.chess.com"]

[Event "Titled Tuesday Blitz February 15 Early 2022"]
[White "Mikhnenko, Alexander"]
[Black "Reprintsev, Alexander"]
[WhiteFideId "34143014"]
[BlackFideId "14100541"]
[WhiteElo "2140"]
[BlackElo "2126"]
[Result "1-0"]
[Round "04"]
[TimeControl "180+1"]
[Date "2022.02.15"]
[WhiteClock "0:00:04"]
[BlackClock "0:00:08"]

1. e4 d5 2. exd5 Qxd5 3. Nc3 Qa5 4. d4 Nf6 5. Nf3 Nc6 6. Bb5 Ne4 7. O-O Nxc3 8. Bxc6+ bxc6 9. bxc3 Bf5 10. Ne5 e6 11. Qf3 Qd5 12. Qg3 Bd6 13. Qxg7 Bxe5 14. Qxe5 Qxe5 15. dxe5 O-O-O 16. Bg5 Rd5 17. Bf6 Rg8 18. g3 Bxc2 19. Rac1 Bd3 20. Rfd1 Bc4 21. Rxd5 cxd5 22. Rc2 Kd7 23. Rb2 Kc6 24. a4 a5 25. f4 h5 26. Kf2 Re8 27. Ke3 Kc5 28. Rb7 Kc6 29. Rb2 Kc5 30. Bg5 Ba6 31. Bh4 Kc4 32. Kd2 d4 33. cxd4 Kxd4 34. Bf6 Bc4 35. Rb7 Rc8 36. Ra7 Bd5 37. Rxa5 c5 38. Ra7 Rb8 39. Rxf7 Rb2+ 40. Kc1 Rxh2 41. f5 Kd3 42. Rd7 Kc3 43. Rxd5 exd5 44. e6+ d4 45. Kd1 Kd3 46. Ke1 c4 47. Bxd4 Re2+ 48. Kd1 Re4 49. f6 Rxe6 50. f7 c3 51. Bxc3 Rb6 52. Kc1 Rb8 53. Bg7 Rc8+ 54. Kb1 Rb8+ 55. Ka1 Kc2 56. f8=Q Rb1+ 57. Ka2 Rd1 58. Qc8+ 1-0


[Site "https://www.chess.com"]

[Event "Titled Tuesday Blitz February 15 Early 2022"]
[White "Milanovic, Marko"]
[Black "Todorovic, Bojan"]
[WhiteFideId "980129"]
[BlackFideId "917087"]
[WhiteElo "1976"]
[BlackElo "2266"]
[Result "1-0"]
[Round "04"]
[TimeControl "180+1"]
[Date "2022.02.15"]
[WhiteClock "0:00:08"]
[BlackClock "0:00:01"]

1. e4 c5 2. Nf3 e6 3. g3 a6 4. Bg2 b5 5. O-O Bb7 6. Re1 d6 7. c3 Nf6 8. d3 Be7 9. Nbd2 O-O 10. d4 cxd4 11. cxd4 Nbd7 12. b3 Rc8 13. Bb2 d5 14. e5 Ne4 15. Rc1 Rxc1 16. Qxc1 Qa5 17. Nxe4 dxe4 18. Nd2 Bg5 19. Re2 Rc8 20. Qd1 Qxa2 21. Nxe4 Bxe4 22. Bxe4 Nb6 23. Bb1 Qa5 24. Qd3 g6 25. Rc2 Qe1+ 26. Kg2 Rxc2 27. Qxc2 Nd5 28. Ba3 Be7 29. Bc1 Kg7 30. Bd2 Nb4 31. Bxe1 Nxc2 32. Bxc2 1-0


[Site "https://www.chess.com"]

[Event "Titled Tuesday Blitz February 15 Early 2022"]
[White "Milosevic, Milos"]
[Black "Smith, Shreyas"]
[WhiteFideId "964875"]
[BlackFideId "7400713"]
[WhiteElo "2198"]
[BlackElo "2129"]
[Result "1-0"]
[Round "04"]
[TimeControl "180+1"]
[Date "2022.02.15"]
[WhiteClock "0:01:48"]
[BlackClock "0:00:02"]

1. a4 d5 2. e3 Bf5 3. d3 e6 4. g3 Nf6 5. Bg2 Be7 6. Ne2 O-O 7. O-O c5 8. Nd2 Bg6 9. b3 Nc6 10. Bb2 Qc7 11. f4 Bh5 12. h3 Bxe2 13. Qxe2 e5 14. e4 dxe4 15. dxe4 Nd4 16. Bxd4 cxd4 17. Nc4 Nd7 18. f5 f6 19. g4 Nc5 20. h4 d3 21. cxd3 Nxb3 22. Nxe5 Nxa1 23. Qa2+ Kh8 24. Nf3 Nc2 25. g5 Ne3 26. Rf2 Qc1+ 27. Bf1 Rac8 28. g6 Rc2 29. Qe6 Rxf2 30. Kxf2 Bc5 31. d4 Bxd4 32. Nxd4 Qd2+ 33. Ne2 Nxf1 34. Kxf1 Qd1+ 35. Kf2 Qd2 36. Qe7 1-0


[Site "https://www.chess.com"]

[Event "Titled Tuesday Blitz February 15 Early 2022"]
[White "Mirzoev, Azer"]
[Black "Shevtchenko, Olesya"]
[WhiteFideId "13400304"]
[BlackFideId "24131890"]
[WhiteElo "2525"]
[BlackElo "2003"]
[Result "1-0"]
[Round "04"]
[TimeControl "180+1"]
[Date "2022.02.15"]
[WhiteClock "0:00:10"]
[BlackClock "0:00:21"]

1. Nf3 d5 2. c4 d4 3. b4 Bg4 4. Qb3 Bxf3 5. Qxf3 c6 6. Bb2 e5 7. a3 a5 8. b5 Nf6 9. e3 Bc5 10. Qf5 O-O 11. Qxe5 Nbd7 12. Qf5 cxb5 13. cxb5 Re8 14. Be2 Ne5 15. O-O Rc8 16. a4 Qd5 17. Na3 d3 18. Bf3 Nxf3+ 19. Qxf3 Qb3 20. Bxf6 Bxa3 21. Rfb1 Qc2 22. Qg4 Bf8 23. Bc3 Rxc3 24. dxc3 d2 25. Qd1 Qxc3 26. Ra2 Bb4 27. Rc2 Qa3 28. g3 Rd8 29. Rc4 g6 30. Rd4 Rxd4 31. exd4 Qd3 32. Qf1 Qe4 33. Rd1 Qxd4 34. Qe2 h5 35. Qe3 Qc4 36. Qe8+ Kg7 37. Qe5+ Kh7 38. Qf4 b6 39. Qxc4 1-0


[Site "https://www.chess.com"]

[Event "Titled Tuesday Blitz February 15 Early 2022"]
[White "Moiseenko, Alexander"]
[Black "Maze, Sebastien"]
[WhiteFideId "14102560"]
[BlackFideId "613762"]
[WhiteElo "2577"]
[BlackElo "2462"]
[Result "0-1"]
[Round "04"]
[TimeControl "180+1"]
[Date "2022.02.15"]
[WhiteClock "0:00:04"]
[BlackClock "0:00:24"]

1. d4 Nf6 2. c4 g6 3. Nc3 Bg7 4. e4 d6 5. Bd3 c5 6. d5 e6 7. Nge2 exd5 8. exd5 O-O 9. Bg5 h6 10. Bh4 Re8 11. f4 Qb6 12. O-O Ng4 13. Qd2 Ne3 14. Rfe1 Bf5 15. Bxf5 Nxf5 16. Bf2 Nd7 17. g4 Nd4 18. Nxd4 cxd4 19. Nb5 Nc5 20. Bxd4 a6 21. Bxg7 Kxg7 22. Qd4+ Kg8 23. Na3 Qb4 24. Nc2 Qa4 25. b3 Rxe1+ 26. Nxe1 Qa5 27. Nc2 Re8 28. b4 Qa4 29. bxc5 Qxc2 30. Qd1 Qxc4 31. cxd6 Qc5+ 32. Kh1 Qxd6 33. Qd2 Re4 34. Rf1 b5 35. f5 g5 36. h3 Qg3 37. Qg2 Qe5 38. d6 Rd4 39. Qa8+ Kh7 40. Qf8 Qe4+ 41. Kg1 Qe3+ 42. Rf2 Rd1+ 43. Kg2 Qe4+ 44. Rf3 Rd2+ 45. Kg1 Qe1+ 46. Rf1 Qg3+ 47. Kh1 Qg2# 0-1


[Site "https://www.chess.com"]

[Event "Titled Tuesday Blitz February 15 Early 2022"]
[White "Molina, Roberto Junio Brito"]
[Black "Khachiyan, Melikset"]
[WhiteFideId "2109450"]
[BlackFideId "13300512"]
[WhiteElo "2402"]
[BlackElo "2484"]
[Result "1-0"]
[Round "04"]
[TimeControl "180+1"]
[Date "2022.02.15"]
[WhiteClock "0:01:31"]
[BlackClock "0:01:19"]

1. d4 Nf6 2. Nf3 g6 3. e3 Bg7 4. Be2 O-O 5. O-O d6 6. b3 Nbd7 7. Bb2 e5 8. dxe5 Ng4 9. c4 Ngxe5 10. Nc3 Nxf3+ 11. Bxf3 Re8 12. Qd2 Ne5 13. Be2 b6 14. f4 Nd7 15. Bf3 Rb8 16. Rae1 Bb7 17. Bxb7 Rxb7 18. e4 Rb8 19. Nd5 c6 20. Nb4 Bxb2 21. Qxb2 Rc8 22. Qd2 Nf6 23. Qd3 Qe7 24. e5 dxe5 25. fxe5 Qxb4 26. Qf3 Qc5+ 27. Kh1 Nh5 28. Qxf7+ Kh8 29. Qxa7 Rxe5 30. Rxe5 Qxe5 31. Qxb6 c5 32. Qb7 Rc7 33. Qb8+ 1-0


[Site "https://www.chess.com"]

[Event "Titled Tuesday Blitz February 15 Early 2022"]
[White "Moroni, Luca Jr"]
[Black "Vlassov, Nikolai"]
[WhiteFideId "865834"]
[BlackFideId "4103360"]
[WhiteElo "2573"]
[BlackElo "2407"]
[Result "1-0"]
[Round "04"]
[TimeControl "180+1"]
[Date "2022.02.15"]
[WhiteClock "0:00:59"]
[BlackClock "0:01:30"]

1. d4 Nf6 2. c4 Nc6 3. Nf3 e6 4. Nc3 Bb4 5. Bg5 h6 6. Bxf6 Bxc3+ 7. bxc3 Qxf6 8. e3 O-O 9. Bd3 d6 10. Rb1 e5 11. O-O Rb8 12. Be4 Bd7 13. c5 Rfd8 14. cxd6 cxd6 15. Qe2 Bg4 16. h3 Bh5 17. Qb5 a6 18. Qc4 Ne7 19. dxe5 dxe5 20. Rfd1 Rxd1+ 21. Rxd1 b5 22. Qc7 Rc8 23. Rd8+ 1-0


[Site "https://www.chess.com"]

[Event "Titled Tuesday Blitz February 15 Early 2022"]
[White "Moskalenko, Alexander"]
[Black "Khripachenko, Alexander"]
[WhiteFideId "4155351"]
[BlackFideId "54184975"]
[WhiteElo "2515"]
[BlackElo "2177"]
[Result "1/2-1/2"]
[Round "04"]
[TimeControl "180+1"]
[Date "2022.02.15"]
[WhiteClock "0:00:30"]
[BlackClock "0:00:07"]

1. d4 Nf6 2. Nc3 d5 3. Bf4 a6 4. e3 b5 5. Nf3 Bb7 6. Bd3 e6 7. a4 b4 8. Ne2 c5 9. c3 Nbd7 10. O-O c4 11. Bb1 h6 12. a5 Be7 13. h3 O-O 14. Kh1 Re8 15. Rg1 Ne4 16. Qe1 bxc3 17. bxc3 Bc6 18. Ne5 Nxe5 19. Bxe5 f6 20. Bh2 Bd6 21. Bxd6 Qxd6 22. f3 Ng5 23. Qh4 Rab8 24. Ra2 Rb5 25. e4 Reb8 26. Bc2 Rb2 27. Rxb2 Rxb2 28. Rc1 dxe4 29. fxe4 Nxe4 30. Bxe4 Rxe2 31. Bxc6 Qxc6 32. Qg4 Qe4 33. Qxe4 Rxe4 34. Rb1 Re3 35. Rb6 Rxc3 36. Rxe6 Rd3 37. Rxa6 Rxd4 38. Rc6 Rd1+ 39. Kh2 Ra1 40. a6 c3 41. Kg3 c2 42. Rxc2 Rxa6 43. Rc3 Ra4 44. Kf3 Kf7 45. g3 g5 46. g4 Kg6 47. Kg3 h5 48. Rd3 Rf4 49. Rd8 hxg4 50. hxg4 Rb4 51. Rd3 Kf7 52. Re3 Rb5 53. Ra3 Ke6 54. Ra6+ Ke5 55. Ra3 Rb4 56. Rf3 Re4 57. Rf5+ Ke6 58. Rf1 Re3+ 59. Kg2 Ra3 60. Rf5 Re3 61. Rf2 Re5 62. Rf1 f5 63. gxf5+ Rxf5 64. Ra1 Rc5 65. Kg3 Kf6 66. Ra3 Kf5 67. Rd3 Re5 68. Rb3 Re4 69. Rf3+ Kg6 70. Ra3 Kh5 71. Rb3 Rh4 72. Ra3 Rg4+ 73. Kh3 Rb4 74. Kg3 Rc4 75. Rb3 Rg4+ 76. Kh3 Rd4 77. Kg3 Kg6 78. Rb8 Rd3+ 79. Kg4 Rd4+ 80. Kg3 Rf4 81. Rc8 Rf6 82. Kg4 Rf4+ 83. Kg3 Rd4 84. Ra8 Kf5 85. Rf8+ Kg6 86. Ra8 Rd3+ 87. Kg4 Rd4+ 88. Kg3 1/2-1/2


[Site "https://www.chess.com"]

[Event "Titled Tuesday Blitz February 15 Early 2022"]
[White "Moskvin, Anatoly"]
[Black "Mischuk, Dmitry"]
[WhiteFideId "24199990"]
[BlackFideId "14118734"]
[WhiteElo "2079"]
[BlackElo "2256"]
[Result "1-0"]
[Round "04"]
[TimeControl "180+1"]
[Date "2022.02.15"]
[WhiteClock "0:00:44"]
[BlackClock "0:00:10"]

1. e4 c5 2. Nf3 Nc6 3. Bb5 g6 4. Bxc6 bxc6 5. c4 Bg7 6. Nc3 Nf6 7. O-O O-O 8. d3 d6 9. h3 Ne8 10. Be3 Nc7 11. Qd2 e5 12. Bh6 f5 13. Bxg7 Kxg7 14. Nh2 f4 15. f3 h5 16. Rfb1 Rb8 17. a3 Ne6 18. b4 cxb4 19. axb4 Nd4 20. Rxa7+ Kh6 21. Qf2 Bb7 22. b5 Qb6 23. Raa1 Ra8 24. Rxa8 Rxa8 25. bxc6 Qxc6 26. Nd5 Bc8 27. Ng4+ Kg5 28. h4# 1-0


[Site "https://www.chess.com"]

[Event "Titled Tuesday Blitz February 15 Early 2022"]
[White "Musovic, Armin"]
[Black "Davtyan, Artur"]
[WhiteFideId "939935"]
[BlackFideId "13308327"]
[WhiteElo "2250"]
[BlackElo "2311"]
[Result "0-1"]
[Round "04"]
[TimeControl "180+1"]
[Date "2022.02.15"]
[WhiteClock "0:00:15"]
[BlackClock "0:00:14"]

1. a3 b6 2. Nc3 Bb7 3. e4 c5 4. Bc4 e6 5. d3 Nf6 6. Ba2 Be7 7. Nge2 O-O 8. O-O d5 9. e5 Nfd7 10. f4 Nc6 11. Bd2 a6 12. Ng3 g6 13. Qg4 Kh8 14. h4 Bxh4 15. Nge2 h5 16. Qh3 Kg7 17. g3 Be7 18. Kf2 b5 19. Rh1 b4 20. Nd1 Rh8 21. Ne3 bxa3 22. bxa3 Nd4 23. Rag1 Nxe2 24. Kxe2 c4 25. d4 c3 26. Bc1 Qb6 27. g4 hxg4 28. Qxg4 Qxd4 29. f5 Qxg4+ 30. Nxg4 exf5 31. Bh6+ Kg8 32. Ne3 Bf8 33. Bxf8 Rxh1 34. Rxh1 Rxf8 35. Nxd5 Nxe5 36. Ke3 Rd8 37. Nf6+ Kg7 38. Rb1 Bg2 39. Rb6 Rd2 40. Bb3 g5 41. Ne8+ Kf8 0-1


[Site "https://www.chess.com"]

[Event "Titled Tuesday Blitz February 15 Early 2022"]
[White "Narayanan.S.L"]
[Black "Williams, Simon K"]
[WhiteFideId "5058422"]
[BlackFideId "404454"]
[WhiteElo "2494"]
[BlackElo "2468"]
[Result "1-0"]
[Round "04"]
[TimeControl "180+1"]
[Date "2022.02.15"]
[WhiteClock "0:01:23"]
[BlackClock "0:00:07"]

1. b3 e5 2. Bb2 e4 3. e3 d5 4. d3 Nf6 5. Nd2 Bf5 6. dxe4 dxe4 7. Ne2 Nbd7 8. Ng3 Bg6 9. Be2 h5 10. h4 Bd6 11. Nc4 Bxg3 12. fxg3 Qe7 13. O-O O-O-O 14. Qe1 Nb6 15. Qa5 Kb8 16. Rad1 Nxc4 17. bxc4 Nd7 18. Bxg7 Rhg8 19. Bh6 Qe5 20. Qxe5 Nxe5 21. Bf4 Nc6 22. g4 hxg4 23. Bxg4 f5 24. Be2 Kc8 25. Kf2 a5 26. a3 Bh7 27. h5 Rxd1 28. Rxd1 Rd8 29. Rxd8+ Kxd8 30. g4 fxg4 31. Bxg4 Ne7 32. Bg5 Ke8 33. Kg3 Nf5+ 34. Kf4 Nd6 35. c5 Nc4 36. Bf5 Bxf5 37. Kxf5 Nxa3 38. h6 Kf7 39. Bf6 Nc4 40. h7 Nxe3+ 41. Kg5 1-0


[Site "https://www.chess.com"]

[Event "Titled Tuesday Blitz February 15 Early 2022"]
[White "Nguyen Hong Nhung"]
[Black "Tay, Junior"]
[WhiteFideId "12412201"]
[BlackFideId "5800439"]
[WhiteElo "1661"]
[BlackElo "2216"]
[Result "0-1"]
[Round "04"]
[TimeControl "180+1"]
[Date "2022.02.15"]
[WhiteClock "0:00:21"]
[BlackClock "0:02:12"]

1. e4 e5 2. Nf3 Nf6 3. Nxe5 Nc6 4. Nxc6 dxc6 5. Nc3 Bc5 6. Bc4 Ng4 7. Qf3 Ne5 8. Qe2 Qh4 9. g3 Qh3 10. Qf1 Nxc4 11. Qxc4 Qg2 12. Qf1 Bxf2+ 13. Kd1 Qf3+ 14. Ne2 Bh3 0-1


[Site "https://www.chess.com"]

[Event "Titled Tuesday Blitz February 15 Early 2022"]
[White "Nilsen, Tobias Lang"]
[Black "Muradov, Soltan"]
[WhiteFideId "1521624"]
[BlackFideId "14002108"]
[WhiteElo "2013"]
[BlackElo "1854"]
[Result "1-0"]
[Round "04"]
[TimeControl "180+1"]
[Date "2022.02.15"]
[WhiteClock "0:00:19"]
[BlackClock "0:00:25"]

1. f4 e5 2. fxe5 d6 3. Nf3 Nc6 4. e4 Nxe5 5. d4 Nxf3+ 6. Qxf3 Qf6 7. Qxf6 Nxf6 8. Nc3 Be7 9. Be2 O-O 10. O-O Be6 11. h3 h6 12. Bf4 Rad8 13. Rad1 a6 14. Bf3 Bc4 15. Rfe1 b5 16. a3 Rfe8 17. b3 Be6 18. e5 dxe5 19. dxe5 Nh7 20. b4 Ng5 21. Bc6 Rxd1 22. Rxd1 Rd8 23. Rxd8+ Bxd8 24. Bb7 Be7 25. Bxa6 c5 26. Nxb5 cxb4 27. a4 Bc5+ 28. Kf1 Ne4 29. Bb7 Bc4+ 30. Ke1 Bf2+ 31. Kd1 Nc5 32. Nd6 Be6 33. Bc6 b3 34. cxb3 Bxb3+ 35. Ke2 Bg1 36. Kf1 Bd4 37. a5 Ne6 38. Bh2 Bc5 39. Bb5 Nc7 40. Be2 Kf8 41. a6 Ba7 42. Bg1 Bxg1 43. Kxg1 Nxa6 44. Bxa6 Ke7 45. Be2 Ke6 46. Bc4+ Bxc4 47. Nxc4 Kd5 48. Nd6 Kxe5 49. Nxf7+ Kf6 50. Nd6 Ke5 51. Nc4+ Kd4 52. Nd2 Ke5 53. Kf2 g5 54. Kg3 h5 55. Nf1 Kf5 56. Kf3 g4+ 57. Kg3 gxh3 58. gxh3 Kg5 59. h4+ Kf5 60. Nh2 Kg6 61. Nf3 Kf5 62. Ng5 Kg6 63. Nh3 Kf6 64. Nf4 Kf5 65. Nxh5 1-0


[Site "https://www.chess.com"]

[Event "Titled Tuesday Blitz February 15 Early 2022"]
[White "Noroozi, Omid"]
[Black "Mikhailovsky, Vladimir"]
[WhiteFideId "12501190"]
[BlackFideId "34105414"]
[WhiteElo "2236"]
[BlackElo "2371"]
[Result "1-0"]
[Round "04"]
[TimeControl "180+1"]
[Date "2022.02.15"]
[WhiteClock "0:00:45"]
[BlackClock "0:00:01"]

1. e4 Nf6 2. e5 Nd5 3. c4 Nb6 4. c5 Nd5 5. Nc3 e6 6. Nxd5 exd5 7. d4 d6 8. cxd6 cxd6 9. Nf3 Nc6 10. Bd3 dxe5 11. Nxe5 Nxe5 12. dxe5 Bb4+ 13. Bd2 Bxd2+ 14. Qxd2 O-O 15. O-O Qh4 16. f4 Bd7 17. f5 Qd4+ 18. Kh1 Bb5 19. Rf3 Bxd3 20. Rxd3 Qxe5 21. Rxd5 Qf6 22. Rd1 Rae8 23. h3 h6 24. Qf2 Re5 25. Rxe5 Qxe5 26. b3 b6 27. Re1 Qf6 28. Qf4 Rd8 29. Kh2 Kh7 30. Re2 Rd4 31. Qf3 Qd6+ 32. Qg3 Qf6 33. Rf2 a5 34. Qe3 a4 35. Qg3 a3 36. Qf3 Qe5+ 37. g3 Re4 38. f6 Re3 39. Qg4 gxf6 40. h4 h5 41. Qh3 Kg6 42. Qg2 Re4 43. Kh3 b5 44. Rd2 f5 45. Qf2 f4 46. Rd3 Qf5+ 47. Kg2 Qg4 48. Rf3 fxg3 49. Rxg3 1-0


[Site "https://www.chess.com"]

[Event "Titled Tuesday Blitz February 15 Early 2022"]
[White "Omariev, Maksim"]
[Black "Einarsson, Halldor Gretar"]
[WhiteFideId "4193423"]
[BlackFideId "2300150"]
[WhiteElo "2495"]
[BlackElo "2114"]
[Result "1-0"]
[Round "04"]
[TimeControl "180+1"]
[Date "2022.02.15"]
[WhiteClock "0:00:23"]
[BlackClock "0:00:03"]

1. e4 e5 2. Nf3 Nc6 3. Bb5 Nf6 4. O-O Nxe4 5. Re1 Nd6 6. Nxe5 Nxe5 7. Rxe5+ Be7 8. Bd3 O-O 9. Nc3 Bf6 10. Re3 c6 11. b3 Bd4 12. Bxh7+ Kxh7 13. Qh5+ Kg8 14. Rh3 f6 15. Ba3 c5 16. Re1 Re8 17. Qd5+ Nf7 18. Ne2 Qe7 19. c3 d6 20. Rh4 Be6 21. Qh5 Be5 22. d4 Ng5 23. dxe5 dxe5 24. f4 exf4 25. Nxf4 Qd7 26. Bxc5 Qd2 27. Rf1 Rad8 28. Bd4 Rxd4 29. cxd4 Qxd4+ 30. Kh1 1-0


[Site "https://www.chess.com"]

[Event "Titled Tuesday Blitz February 15 Early 2022"]
[White "Orlov, Georgi"]
[Black "Urbina Quiroz, Edwin"]
[WhiteFideId "2011271"]
[BlackFideId "6500650"]
[WhiteElo "2487"]
[BlackElo "2130"]
[Result "1-0"]
[Round "04"]
[TimeControl "180+1"]
[Date "2022.02.15"]
[WhiteClock "0:00:28"]
[BlackClock "0:00:01"]

1. d4 d5 2. Nf3 Nf6 3. c4 e6 4. g3 Be7 5. Bg2 O-O 6. Nc3 dxc4 7. Ne5 Nc6 8. Bxc6 bxc6 9. Nxc6 Qe8 10. Qa4 Bb7 11. Nxe7+ Qxe7 12. O-O c5 13. Qxc4 Rac8 14. Bg5 cxd4 15. Qxd4 Rfd8 16. Qxa7 Qb4 17. Qe3 Qxb2 18. Rab1 Qxc3 19. Qxc3 Rxc3 20. Rxb7 Ra3 21. Rb2 Rda8 22. Rfb1 h6 23. Rb8+ Rxb8 24. Rxb8+ Kh7 25. Bxf6 gxf6 26. Rb2 Kg6 27. f3 f5 28. Kf2 h5 29. h4 e5 30. Rc2 f4 31. gxf4 exf4 32. Rc4 Rxa2 33. Rxf4 f5 34. Rb4 Ra6 35. Kg3 Re6 36. Rb2 Rc6 37. Kf4 Rc4+ 38. e4 fxe4 39. fxe4 Rc1 40. Rb6+ Kg7 41. Kg5 Re1 42. Rb7+ 1-0


[Site "https://www.chess.com"]